 Dungeon Crawl Stone Soup version 0.30-a0-672-gc3a7216ad8 (webtiles) character file.

Game seed: 3765213552731287036

9676 Newt the Basher (level 11, 0/89 HPs)
             Began as a Demonspawn Gladiator on Jan 18, 2023.
             Was an Initiate of Gozag.
             Slain by an ice beast (7 damage)
             ... summoned by an ice statue
             ... in a Gauntlet.
             The game lasted 00:14:35 (11751 turns).

Newt the Basher (Demonspawn Gladiator)             Turns: 11751, Time: 00:14:35

Health: 0/89       AC: 14    Str: 18    XL:     11   Next: 26%
Magic:  17/20      EV: 12    Int: 11    God:    Gozag
Gold:   1747       SH:  9    Dex: 18    Spells: 19/22 levels left

rFire   . . .      SeeInvis .    m - +6 hammer of the Magi {flame, rN+ Dex+2 Stlth+}
rCold   . . .      Faith    .    (no shield)
rNeg    + . .      Spirit   .    r - +3 leather armour {Will+}
rPois   .          Reflect  +    c - +0 helmet
rElec   .          Harm     .    z - +2 cloak
rCorr   +          Rampage  .    (no gloves)
Will    +....      NoTele   +    (no boots)
Stlth   ++++                     G - amulet of reflection
HPRegen 0.34/turn                f - +4 ring of slaying
MPRegen 0.17/turn                A - ring "Lipp" {rCorr AC+4}

@: no status effects
A: thin skeletal structure 1, condensation shield, demonic magic 2, weakness
stinger 2
a: Renounce Religion, Potion Petition, Call Merchant, Bribe Branch


You were in a Gauntlet.
You worshipped Gozag.
Gozag was most pleased with you.
You visited 3 branches of the dungeon, and saw 11 of its levels.
You also visited: Ossuary and Gauntlet.

You collected 1821 gold pieces.
You paid 74 gold pieces to Gozag.

Inventory:

Hand Weapons
 a - a +0 heavy rapier
 e - a +1 short sword of protection
 m - the +6 hammer of the Magi (weapon) {flame, rN+ Dex+2 Stlth+}
   (You found it on level 3 of the Dungeon)

   Dex:       It affects your dexterity (+2).
   rN:        It protects you from negative energy.
   Stlth:     It makes you more stealthy.
Missiles
 j - a javelin
 l - 2 throwing nets (quivered)
Armour
 b - a +0 leather armour
 c - a +0 helmet (worn)
 d - a +1 cloak
 n - the +1 scale mail of the Fife {Harm Str+3 Dex-2}
   (You found it on level 4 of the Dungeon)

   Str:       It affects your strength (+3).
   Dex:       It affects your dexterity (-2).
   Harm:      It increases damage dealt and taken.
 r - a +3 leather armour of willpower (worn)
 z - a +2 cloak (worn)
 C - a +1 ring mail of poison resistance
Jewellery
 f - a +4 ring of slaying (left hand)
 y - a +5 ring of evasion
 A - the ring "Lipp" (right hand) {rCorr AC+4}
   (You found it on level 7 of the Dungeon)

   [ring of protection]

   AC:        It affects your AC (+4).
   rCorr:     It protects you from acid and corrosion.
 G - an amulet of reflection (around neck)
Wands
 w - a wand of iceblast (3)
 B - a wand of polymorph (5)
 J - a wand of mindburst (8)
Scrolls
 h - a scroll of blinking
 k - a scroll of torment
 o - 5 scrolls of amnesia
 D - 3 scrolls of enchant armour
 E - a scroll of magic mapping {unknown}
 H - a scroll of noise
 I - 2 scrolls of teleportation
 K - a scroll of enchant weapon
Potions
 g - a potion of curing
 i - a potion of magic
 p - a potion of might
 q - a potion of attraction
 s - a potion of cancellation
 t - 2 potions of brilliance
 u - 2 potions of ambrosia
 v - a potion of resistance
 x - 2 potions of flight
 F - a potion of degeneration


   Skills:
 - Level 9.0 Fighting
 - Level 2.6 Short Blades
 - Level 10.0 Maces & Flails
 - Level 1.7 Throwing
 - Level 2.6 Dodging
 - Level 3.0 Stealth
 - Level 6.0 Spellcasting
 + Level 1.6 Hexes
 - Level 6.0 Summonings
 - Level 5.0 Evocations


You had 19 spell levels left.
You knew the following spells:

 Your Spells              Type           Power      Damage    Failure   Level
a - Call Canine Familiar  Summ           16%        N/A       6%          3

Your spell library contained the following spells:

 Spells                   Type           Power      Damage    Failure   Level
 Magic Dart               Conj           12%        1d3       22%         1
 Necrotise                Necr           12%        1d4       22%         1
 Searing Ray              Conj           6%         2d4       34%         2
 Tukima's Dance           Hex            6%         N/A       34%         3
 Portal Projectile        Hex/Tloc       10%        N/A       45%         3
 Vampiric Draining        Necr           3%         2d6       56%         3
 Fulminant Prism          Conj/Hex       2%         3d5       86%         4
 Leda's Liquefaction      Hex/Erth       2%         N/A       86%         4
 Agony                    Necr           3%         N/A       99%         5
 Blade Hands              Tmut           1%         N/A       99%         5


Dungeon Overview and Level Annotations

Branches:
Dungeon (9/15)             Temple (1/1) D:6            Lair (1/5) D:9
Ossuary (visited)         Gauntlet (1/1)
    Orc: D:9-12

Altars:
Ashenzari
Cheibriados
Dithmenos
Fedhas
Gozag
Qazlal
Ru
Trog
Wu Jian

Shops:
D:5 *(

Annotations:
Gauntlet 13 transporters, 2 runed translucent doors, exclusion: ice statue


Innate Abilities, Weirdness & Mutations

You have a somewhat thin skeletal structure. (Dex +2, Stealth+)
A meltable shield of frost defends you. (SH +4)
Spells you cast may paralyse nearby enemies.
You have a tail ending in a sharp stinger.


Message History

Partly explored, unvisited transporter.
Search for what [Enter for "gold", or ? for help]? .
Unknown command.
The ice statue glitters chillingly in the dim dungeon light.
The ice statue glitters chillingly in the dim dungeon light.
There is a transporter here.
You enter the transporter and appear at another place.
The ice statue gestures.
The rime drake hisses angrily.
You hit the ice statue.
You melt the ice statue.
The ice statue is lightly damaged.
You hit the ice statue.
You melt the ice statue.
The ice statue is lightly damaged.
The ice statue gestures at you. The bolt of cold hits you!!!
The ice beast misses you.
You hit the ice statue.
You melt the ice statue.
The ice statue is lightly damaged.
The ice statue gestures.
The ice beast closely misses you.
Casting: Call Canine Familiar (dangerous; 6% risk of failure)
Confirm with . or Enter, or press ? or * to list all spells.
Malevolent energies surge around you.
The rime drake suddenly stops moving!
The ice statue gestures at you. The freezing blast engulfs you!
The ice beast hits you but does no damage.
The ice beast misses you.
You sock the ice statue!
You melt the ice statue.
You tail-slap the ice statue.
The ice statue is heavily damaged.
You are engulfed in freezing vapours.
The rime drake is no longer paralysed.
The ice statue gestures.
The ice beast hits you but does no damage.
You sock the ice statue!
You melt the ice statue.
The ice statue is severely damaged.
You are engulfed in freezing vapours.
* * * LOW HITPOINT WARNING * * *
The ice beast hits you.
* * * LOW HITPOINT WARNING * * *
The ice beast freezes you!
You die...
Your body crumbles into a pile of gold.

#.........#..#########..###
###########..#...........≈#
##D.D....##..#########...##
#.#.....#.#..#.......#.∩.≈#
#(.#...#..#..#.###.###...##
#...#.#...#..#!.#...##...≈#
#©...#©...#©©#○.#○#.##©8.##
#...#.#...#..#○☼YY#..#...≈#
#[.#...#..#..#.#@###.#...##
#.#.....#.#..#h☼8Yk..#.∩.≈#
##.....Dh##..#########...##
###########..#...........≈#
#.........#..#########..###
#...§§....#..#.54....#..≈#
#..##§##..#..##..##..#..##
#..≈###≈..#..###..##.#..≈#
#..## ##..#.©#©##©.###©.##


You could see an ice statue (ally target), an ice devil, a rime drake, 3 ice
beasts, a white imp and a friendly hound (summoned).

Vanquished Creatures
  A two-headed ogre (D:8)
  Pikel (D:7)
  A black mamba (Lair:1)
  Joseph (D:7)
  A cane toad (Lair:1)
  Psyche (D:8)
  2 komodo dragons
  A troll (D:7)
  4 blink frogs (Lair:1)
  A wraith (D:9)
  Sigmund (D:5)
  10 yaks
  Eustachio (D:6)
  2 wyverns
  2 steam dragons
  Edmund (D:5)
  An acid dragon (D:9)
  2 water moccasins (D:7)
  2 orc warriors (D:9)
  An ice beast (D:7)
  A black bear (D:6)
  A sky beast (D:8)
  2 lemures (D:7)
  A centaur (D:8)
  2 kobold brigands (D:8)
  2 phantoms
  3 bullfrogs
  A necrophage (D:7)
  2 gnoll sergeants
  2 scorpions (D:5)
  9 killer bees (D:9)
  4 howler monkeys (D:7)
  Crazy Yiuf (D:3)
  8 orc priests
  4 hounds
  2 iguanas
  Ijyb (D:5)
  12 orc wizards
  A nameless horror (D:5)
  8 mummies (Ossuary)
  10 gnolls
  6 adders
  3 shadow imps
  3 white imps
  An ufetubus (D:6)
  5 worms
  2 dart slugs
  28 orcs
  2 ball pythons
  6 endoplasms
  2 giant cockroaches
  A gnoll zombie (Ossuary)
  9 goblins
  5 hobgoblins
  3 jackals (D:2)
  13 kobolds
  4 quokkas
  4 bats
  2 frilled lizards
  A hobgoblin zombie (Ossuary)
  4 orc zombies (Ossuary)
  3 rats
221 creatures vanquished.

Vanquished Creatures (collateral kills)
  A hound (D:7)
  2 gnolls
  An orc (D:7)
  A gnoll zombie (Ossuary)
  A hobgoblin zombie (Ossuary)
6 creatures vanquished.

Vanquished Creatures (others)
  A hound (D:6)
  A jelly (D:6)
  A fungus (Lair:1)
  20 plants
23 creatures vanquished.

Grand Total: 250 creatures vanquished

Notes
Turn   | Place    | Note
-------+----------+-------------------------------------------
     0 | D:1      | Newt the Demonspawn Gladiator began the quest for the Orb.
     0 | D:1      | Reached XP level 1. HP: 16/16 MP: 1/1
    42 | D:1      | Reached skill level 1 in Stealth
   129 | D:1      | Gained mutation: Spells you cast may paralyse adjacent
                  | enemies. [demonic ancestry]
   129 | D:1      | Reached XP level 2. HP: 20/22 MP: 2/2
  1060 | D:2      | Found a blossoming altar of Fedhas.
  1382 | D:2      | Reached XP level 3. HP: 26/27 MP: 3/3
  2060 | D:2      | Gained mutation: A meltable shield of frost defends you.
                  | (SH +4) [demonic ancestry]
  2060 | D:2      | Reached XP level 4. HP: 21/35 MP: 4/4
  2989 | D:3      | Found a large runed translucent door.
  2990 | D:3      | Found a large runed translucent door.
  3152 | D:3      | Reached skill level 1 in Spellcasting
  3152 | D:3      | Gained mutation: Spells you cast may paralyse nearby
                  | enemies. [demonic ancestry]
  3152 | D:3      | Reached XP level 5. HP: 42/42 MP: 4/6
  3201 | D:3      | Found a runed translucent door.
  3202 | D:3      | Noticed Crazy Yiuf
  3289 | D:3      | Found a faded altar of an unknown god.
  3475 | D:3      | Found a bloodstained altar of Trog.
  3485 | D:3      | Found a shadowy altar of Dithmenos.
  3585 | D:3      | Killed Crazy Yiuf
  3592 | D:3      | Identified the +6 hammer of the Magi {flame, rN+ Dex+2
                  | Stlth+}
  3804 | D:4      | Noticed a phantom
  3813 | D:4      | Killed a phantom
  3814 | D:4      | Gained mutation: You have a small tail. [demonic ancestry]
  3814 | D:4      | Reached XP level 6. HP: 39/48 MP: 8/10
  3818 | D:4      | Learned a level 3 spell: Call Canine Familiar
  3825 | D:4      | Identified the +1 scale mail of the Fife {Harm Str+3 Dex-2}
  3905 | D:4      | Found a broken altar of Ashenzari.
  3909 | D:4      | Saw a vision of the Shoals and the Spider Nest.
  3909 | D:4      | Noticed a merfolk
  3909 | D:4      | Noticed a snapping turtle
  3909 | D:4      | Noticed a manticore
  3909 | D:4      | Noticed a jumping spider
  3909 | D:4      | Noticed an entropy weaver
  3909 | D:4      | Noticed a jumping spider
  3909 | D:4      | Noticed a boulder beetle
  3909 | D:4      | Noticed a demonic crawler
  3909 | D:4      | Noticed a jumping spider
  3910 | D:4      | Noticed an entropy weaver
  3910 | D:4      | Noticed an entropy weaver
  3910 | D:4      | Noticed a demonic crawler
  3910 | D:4      | Noticed a pharaoh ant
  3910 | D:4      | Noticed an entropy weaver
  3910 | D:4      | Noticed a redback
  3911 | D:4      | Noticed a water nymph
  3911 | D:4      | Noticed a pharaoh ant
  3911 | D:4      | Noticed a tarantella
  3912 | D:4      | Noticed a culicivora
  3913 | D:4      | Noticed a redback
  3982 | D:4      | Reached skill level 1 in Summonings
  4290 | D:5      | Entered Level 5 of the Dungeon
  4350 | D:5      | Found an opulent altar of Gozag.
  4361 | D:5      | Became a worshipper of Gozag Ym Sagoz the Greedy
  4477 | D:5      | Found Tuna's Lightly-Used Armoury.
  4489 | D:5      | Reached skill level 1 in Maces & Flails
  4489 | D:5      | Found a sand-covered staircase.
  4501 | Ossuary  | Entered an ossuary
  4527 | Ossuary  | Reached skill level 2 in Maces & Flails
  4533 | Ossuary  | Gained mutation: You have a somewhat thin skeletal
                  | structure. (Dex +2, Stealth+) [demonic ancestry]
  4533 | Ossuary  | Reached XP level 7. HP: 29/54 MP: 7/11
  4972 | D:5      | Reached skill level 3 in Maces & Flails
  5131 | D:5      | Noticed Edmund
  5170 | D:5      | Killed Edmund
  5171 | D:5      | Reached skill level 4 in Maces & Flails
  5356 | D:5      | Found Kitsijan's Antique Weapon Shop.
  5499 | D:5      | Reached skill level 5 in Maces & Flails
  5608 | D:5      | Noticed Sigmund
  5616 | D:5      | Killed Sigmund
  5617 | D:5      | Gained mutation: You have a tail ending in a sharp stinger.
                  | [demonic ancestry]
  5617 | D:5      | Reached XP level 8. HP: 58/60 MP: 12/12
  5705 | D:5      | Noticed Ijyb
  5707 | D:5      | Killed Ijyb
  5762 | D:5      | Found a blossoming altar of Fedhas.
  5762 | D:5      | Found an ornate altar of the Wu Jian Council.
  5775 | D:5      | Reached skill level 6 in Maces & Flails
  6288 | D:6      | Found a stormy altar of Qazlal.
  6344 | D:6      | Found a staircase to the Ecumenical Temple.
  6378 | Temple   | Entered the Ecumenical Temple
  6711 | D:6      | Reached skill level 5 in Fighting
  7237 | D:6      | Noticed Eustachio
  7251 | D:6      | Killed Eustachio
  7252 | D:6      | Reached skill level 5 in Summonings
  7287 | D:7      | Noticed Pikel
  7310 | D:7      | HP: 3/64 [Pikel/+1 whip of electrocution (18)]
  7312 | D:7      | Killed Pikel
  7313 | D:7      | Reached XP level 9. HP: 31/69 MP: 12/15
  7619 | D:7      | Identified the ring "Lipp" {rCorr AC+4}
  7660 | D:7      | Noticed Joseph
  7673 | D:7      | Killed Joseph
  7674 | D:7      | Reached skill level 5 in Spellcasting
  7741 | D:7      | Reached skill level 1 in Evocations
  8185 | D:7      | Reached skill level 5 in Evocations
  8242 | D:7      | Noticed a troll
  8594 | D:7      | Found a snail-covered altar of Cheibriados.
  8737 | D:7      | Killed a troll
  8738 | D:7      | Reached XP level 10. HP: 72/79 MP: 15/19
  9279 | D:8      | Found a sacrificial altar of Ru.
  9317 | D:8      | Noticed Psyche
  9328 | D:8      | Killed Psyche
  9979 | D:8      | Noticed a two-headed ogre
  9989 | D:8      | Killed a two-headed ogre
 10235 | D:9      | Reached skill level 7 in Maces & Flails
 10610 | D:9      | Reached skill level 8 in Maces & Flails
 11006 | D:9      | Found a staircase to the Lair.
 11087 | Lair:1   | Entered Level 1 of the Lair of Beasts
 11115 | Lair:1   | Reached skill level 9 in Maces & Flails
 11115 | Lair:1   | Reached XP level 11. HP: 69/89 MP: 20/20
 11395 | Lair:1   | Reached skill level 10 in Maces & Flails
 11395 | Lair:1   | Reached skill level 1 in Hexes
 11395 | Lair:1   | Noticed a catoblepas
 11396 | Lair:1   | Noticed a catoblepas
 11435 | Lair:1   | Found a gate leading to a gauntlet.
 11440 | Gauntlet | Entered a Gauntlet
 11440 | Gauntlet | Found a transporter.
 11440 | Gauntlet | Found a transporter.
 11611 | Gauntlet | Found a transporter.
 11629 | Gauntlet | Found a transporter.
 11629 | Gauntlet | Found a transporter.
 11629 | Gauntlet | Found a transporter.
 11631 | Gauntlet | Found a transporter.
 11631 | Gauntlet | Found a transporter.
 11638 | Gauntlet | Found a runed translucent door.
 11641 | Gauntlet | Found a runed translucent door.
 11643 | Gauntlet | Found a transporter.
 11659 | Gauntlet | Found a transporter.
 11669 | Gauntlet | Found a transporter.
 11674 | Gauntlet | Found a transporter.
 11708 | Gauntlet | Found a transporter.
 11720 | Gauntlet | Found a transporter.
 11751 | Gauntlet | Slain by an ice beast

Illustrated notes

Levels and vault maps discovered:
D:1:      roderic_crossed_star, layout_basic
D:2:      layout_basic, basic_altar, dk_vineyard_1, uniq_robin
D:3:      layout_loops_ring, mainiacjoe_overflow_alcove_2,
          jmf_multi_god_temple2, dilly_ecumenical_altar_fadedgnrine,
          uniq_crazy_yiuf_cottage
D:4:      layout_loops_cross, grunt_ashenzari_visionary
          [grunt_ashenzari_visionary_shoals, grunt_ashenzari_visionary_spider]
D:5:      layout_basic, lemuel_coloured_pillars_altar,
          gammafunk_temple_overflow_wave, cheibrodos_sewer_entry_bend,
          serial_shops, shop, nicolae_ossuary_entry_monument,
          minmay_misc_feat_nine_boxes, hangedman_abyss_or_decor_passed,
          minmay_shop_damaged, kennysheep_potato, uniq_ijyb, uniq_edmund,
          uniq_sigmund
D:6:      layout_layer_cave, grunt_qazlal_sundering, minmay_temple_entry_glass,
          uniq_eustachio
D:7:      layout_basic, kennysheep_slug_shrine, uniq_joseph, uniq_pikel
D:8:      layout_cave_pools, hangedman_ru_absence, serial_co_window_serial,
          co_window_paths_a, co_window_corner_a, co_window_of_opportunity_a,
          co_window_of_opportunity_a, co_window_paths_b, co_window_corner_cb,
          co_window_of_opportunity_b, co_window_corner_b, co_window_broadway_b,
          co_window_broadway_a, co_window_paths_e, co_window_paths_d,
          glass_columns_a, glass_columns_a, glass_columns_a, glass_columns_a,
          glass_columns_b, uniq_psyche
D:9:      layout_basic, david_lair_shrubbed, kennysheep_generic_room_3
Temple:   hc_temple_tempest_star
Lair:1:   layout_regular_city, gauntlet_entry_generic, lemuel_fruit_fields,
          lemuel_fruit_fields
Gauntlet: gammafunk_gauntlet_mixed_choke_point
          [minmay_gauntlet_arena_77_terracotta_army,
          minmay_gauntlet_arena_77_broken_ladder,
          minmay_gauntlet_arena_77_two_lines, nicolae_gauntlet_arena_x,
          minmay_gauntlet_arena_77_cramped, minmay_gauntlet_arena_77_checkered,
          minmay_gauntlet_arena_77_fan, gauntlet_exit_hidden_loot]

Skill      XL: |  1  2  3  4  5  6  7  8  9 10 11 |
---------------+----------------------------------+-----
Stealth        | 1 2 3 |  3.0
Fighting       | 3 4 6 7 9 |  9.0
Spellcasting   | 1 3 4 6 |  6.0
Summonings     | 3 6 |  6.0
Maces & Flails | 2 5 6 9 10 | 10.0
Evocations     | 5 |  5.0
Hexes          | 1 |  1.6
Short Blades   | |  2.6
Throwing       | |  1.7
Dodging        | |  2.6

Action                   |  1- 3 |  4- 6 |  7- 9 | 10-12 || total
-------------------------+-------+-------+-------+-------++-------
Melee: Rapier            |   100 |       |       |       ||   100
       Short sword       |    44 |    88 |       |       ||   132
       Punch             |       |     2 |     2 |     2 ||     6
       Mace              |       |    46 |   183 |   213 ||   442
       Tailslap          |       |     5 |    18 |    32 ||    55
Throw: Javelin           |     2 |     1 |     1 |       ||     4
       Throwing net      |     4 |     3 |     1 |       ||     8
 Cast: Call Canine Famil |       |     1 |    10 |    19 ||    30
  Use: Scroll            |     4 |     6 |     5 |     8 ||    23
       Potion            |       |       |     2 |     2 ||     4
 Stab: Sleeping          |     2 |     8 |     8 |     3 ||    21
       Held in net/web   |     4 |     1 |       |       ||     5
       Fleeing           |       |       |     1 |       ||     1
       Paralysed         |       |       |    11 |    24 ||    35
       Distracted        |       |       |     2 |     1 ||     3
Armor: Leather armour    |    34 |    33 |    40 |    59 ||   166
       Skin              |       |       |     3 |       ||     3
Dodge: Dodged            |    96 |    48 |    90 |    94 ||   328
Block: Other             |       |    17 |    30 |    51 ||    98

Table legend: (Time is in decaauts)
 A = Elapsed time spent in this place.
 B = Non-inter-level travel time spent in this place.
 C = Inter-level travel time spent in this place.
 D = Time resting spent in this place.
 E = Time spent auto-exploring this place.
 F = Levels seen in this place.
 G = Mean time per level.
                   A        B        C        D        E       F      G
               +--------+--------+--------+--------+--------+-----+--------+
         Total |  11784 |  11475 |    309 |   2156 |   7338 |  13 |  906.5 |
       Dungeon |  10654 |  10345 |    309 |   1998 |   6731 |   9 | 1183.8 |
        Temple |      1 |      1 |      0 |      0 |      0 |   1 |    1.0 |
          Lair |    348 |    348 |      0 |      0 |    109 |   1 |  348.0 |
       Ossuary |    469 |    469 |      0 |      0 |    373 |   1 |  469.0 |
      Gauntlet |    310 |    310 |      0 |    158 |    125 |   1 |  310.0 |
               +--------+--------+--------+--------+--------+-----+--------+

Top non-repeatable levels by time:
     D:7: 1693 daAuts
     D:5: 1551 daAuts
     D:2: 1482 daAuts
     D:3: 1191 daAuts
     D:8: 1104 daAuts
     D:6: 1055 daAuts
     D:1: 989 daAuts
     D:9: 977 daAuts
     D:4: 610 daAuts
 Ossuary: 469 daAuts
  Lair:1: 348 daAuts
Gauntlet: 310 daAuts
  Temple: 1 daAuts
